 Dungeon Crawl Stone Soup version 0.20.1-1-g8b1a95d (webtiles) character file.

270 JackS81 the Conjurer (level 6, 0/32 HPs)
             Began as a Deep Elf Conjurer on Aug 22, 2017.
             Slain by an orc
             ... wielding a +0 flail
              (4 damage)
             ... on level 3 of the Dungeon.
             The game lasted 00:19:16 (2118 turns).

JackS81 the Conjurer (Deep Elf Conjurer)            Turns: 2118, Time: 00:19:16

Health: 0/32       AC:  2    Str:  5    XL:     6   Next: 1%
Magic:  3/14       EV: 13    Int: 22    God:
Gold:   94         SH:  0    Dex: 15    Spells: 6/13 levels left

rFire    . . .     SeeInvis .   e - +1 whip
rCold    . . .     Gourm    .   (no shield)
rNeg     . . .     Faith    .   a - +0 robe
rPois    .         Spirit   .   (no helmet)
rElec    .         Reflect  .   (no cloak)
rCorr    .         Harm     .   (no gloves)
MR       .....                  (no boots)
Stlth    +.........             (no amulet)
Regen    0.1/turn               v - ring of flight
MPRegen  0.2/turn               (no ring)

@: confused, hasted, very quick
A: no striking features
a: Evoke Flight


You were on level 3 of the Dungeon.
You were not hungry.

You visited 1 branch of the dungeon, and saw 3 of its levels.

You collected 94 gold pieces.

Inventory:

Hand Weapons
 e - a +1 whip (weapon)
 q - a +0 hand crossbow
 w - a +2 hand axe of flaming
Missiles
 d - 81 stones (quivered)
 g - 34 sling bullets
 j - 5 curare-tipped needles
Armour
 a - a +0 robe (worn)
 k - a cursed +0 ring mail
Jewellery
 v - a ring of flight (left hand)
Scrolls
 f - 2 scrolls of identify
 h - a scroll of random uselessness
Potions
 m - a potion of curing {unknown}
 n - a potion of flight
 o - a potion of might {unknown}
 u - a potion of mutation {unknown}
Books
 b - a book of Conjurations

   Spells                             Type                      Level
   a - Magic Dart                     Conjuration                  1
   b - Searing Ray                    Conjuration                  2
   c - Dazzling Spray                 Conjuration/Hexes            3
   d - Fulminant Prism                Conjuration/Hexes            4
   e - Force Lance                    Conjuration/Translocation    4
   f - Iskenderun's Mystic Blast      Conjuration                  4
Comestibles
 c - 2 bread rations
 i - 3 chunks of flesh


   Skills:
 - Level 0.1 Maces & Flails
 - Level 2.4 Dodging
 - Level 2.4 Stealth
 + Level 4.4 Spellcasting
 * Level 7.4 Conjurations


You had 6 spell levels left.
You knew the following spells:

 Your Spells              Type           Power        Failure   Level  Hunger
a - Magic Dart            Conj           ####         1%          1    None
b - Searing Ray           Conj           #####.       1%          2    #......
c - Iskenderun's Mystic   Conj           #####...     4%          4    ####...


Dungeon Overview and Level Annotations

Branches:
Dungeon (3/15)

Altars:
Fedhas


Message History

The magic dart hits you!
The orc priest shouts!
The orc misses you. Something hits you.
You feel less confused. Something hits you.
* * * LOW HITPOINT WARNING * * *
Okay, then.
Okay, then.
That item cannot be evoked!
It was a potion of haste.
You feel yourself speed up. The orc completely misses you. Something hits you.
* * * LOW HITPOINT WARNING * * *
A puff of flame appears from out of thin air!
The puff of flame misses you.
You are confused.
You see here a robe.
The orc priest casts a cantrip, but nothing happens.
Your magical contamination has completely faded away.
The orc hits you with a flail.
You die...

#.#.........>..........#
#.###.######...........#
#.#...# ########.#
#.#.########### #.#
#.#.....#.....#####.###
#.####.##.....o..)....#
#......##.....#####...#
#####..##[.o..#
###...#####. #..##..@..#
#...........
#.#####.)รท......#
#.....##....
#.....).###.....#
#.....# .)..
#######...#.....#
#.....# .... #...#######
####### .... #...# ...{
#...# .... ###...##...
.... #.)........


You could see an orc priest and an orc.

Vanquished Creatures
  Sigmund (D:3)
  Terence (D:3)
  5 adders
  2 oozes (D:2)
  A worm (D:2)
  An orc (D:3)
  A bat (D:1)
  A giant cockroach (D:1)
  9 hobgoblins
  A jackal (D:1)
  4 kobolds
  3 quokkas
  A frilled lizard (D:1)
  2 rats (D:2)
33 creatures vanquished.

Notes
Turn   | Place    | Note
-------+----------+-------------------------------------------
     0 | D:1      | JackS81 the Deep Elf Conjurer began the quest for the Orb.
     0 | D:1      | Reached XP level 1. HP: 10/10 MP: 6/6
   431 | D:1      | Reached XP level 2. HP: 15/15 MP: 6/8
   435 | D:1      | Learned a level 2 spell: Searing Ray
   480 | D:1      | Reached skill level 5 in Conjurations
  1095 | D:2      | Reached XP level 3. HP: 17/19 MP: 1/9
  1623 | D:2      | Reached XP level 4. HP: 24/24 MP: 5/11
  1629 | D:2      | Learned a level 4 spell: Iskenderun's Mystic Blast
  1729 | D:2      | Found a blossoming altar of Fedhas.
  1942 | D:3      | Noticed Sigmund
  1976 | D:3      | Reached skill level 6 in Conjurations
  1979 | D:3      | Killed Sigmund
  1979 | D:3      | Reached skill level 7 in Conjurations
  1979 | D:3      | Reached XP level 5. HP: 22/28 MP: 4/13
  2083 | D:3      | Noticed Terence
  2089 | D:3      | Killed Terence
  2089 | D:3      | Reached XP level 6. HP: 26/32 MP: 2/14
  2118 | D:3      | Slain by an orc

Skill      XL: |  1  2  3  4 |
---------------+-------------+-----
Conjurations   | 5 7 |  7.4
Spellcasting   | 4 |  4.4
Maces & Flails | |  0.1
Dodging        | |  2.4
Stealth        | |  2.4

Action                   |  1- 3 |  4- 6 || total
-------------------------+-------+-------++-------
Melee: Whip              |     7 |       ||     7
Throw: Stone             |    17 |     1 ||    18
 Cast: Magic Dart        |    53 |    17 ||    70
       Searing Ray       |     7 |     3 ||    10
       Iskenderun's Myst |       |     3 ||     3
  Use: Scroll            |       |     8 ||     8
       Potion            |       |     4 ||     4
  Eat: Chunk             |     2 |     2 ||     4
Armor: Robe              |     2 |     1 ||     3
Dodge: Dodged            |    10 |     9 ||    19
